 Dungeon Crawl Stone Soup version 0.16-a0-3330-g2931290 (webtiles) character file.

26 4tharraofdagon the Charlatan (level 3, -1/32 HPs)
             Began as a Naga Artificer on Dec 28, 2014.
             Slain by a jackal (2 damage)
             ... on level 3 of the Dungeon.
             The game lasted 00:03:17 (419 turns).

4tharraofdagon the Charlatan (Naga Artificer)        Turns: 419, Time: 00:03:17

Health: -1/32      AC:  2    Str: 14    XL:     3   Next: 8%
Magic:  4/4        EV:  9    Int: 12    God:
Gold:   13         SH:  0    Dex: 11    Spells: 0 memorised, 2 levels left

rFire  . . .     SeeInvis +     h - +4 spear
rCold  . . .     Clarity  .     e - +0 leather armour
rNeg   . . .     SustAb   .     (no shield)
rPois  +         Gourm    .     (no helmet)
rElec  .         Spirit   .     (no cloak)
rCorr  .         Warding  .     (no gloves)
rMut   .         Stasis   .     (no barding)
MR     .....                    (no amulet)
Stlth  ++........               (no ring)
                                l - ring of see invisible

@: very slow, not resistant to hostile enchantments, unstealthy
A: spit poison, see invisible, deformed body, poison resistance, slowness 2, AC
+1
a: Spit Poison


You were on level 3 of the Dungeon.
You were not hungry.

You visited 1 branch of the dungeon, and saw 3 of its levels.

You collected 13 gold pieces.

Inventory:

Hand weapons
 a - a +0 short sword
 h - a +4 spear (weapon)
Armour
 e - a +0 leather armour (worn)
Jewellery
 l - a ring of see invisible (left hand)
Magical devices
 b - a wand of flame (15)
 c - a wand of enslavement (15)
 d - a wand of random effects (15)
Scrolls
 g - a scroll of identify
Comestibles
 f - a bread ration
 m - a chunk of flesh


   Skills:
 + Level 1.8 Fighting
 - Level 1.0 Short Blades
 * Level 1.6 Polearms
 + Level 1.9 Dodging
 - Level 1.5 Stealth
 - Level 3.0 Evocations


You had 2 spell levels left.
You didn't know any spells.

Dungeon Overview and Level Annotations

Branches:
Dungeon (3/15)

Altars:

Annotations:
D:2 Jessica


Innate Abilities, Weirdness & Mutations

You cannot wear boots.
You can spit poison.
Your serpentine skin is tough (AC +1).
You have supernaturally acute eyesight.
Armour fits poorly on your strangely shaped body.
Your system is resistant to poisons.
You cover ground very slowly.


Message History

Read which item? (? for menu, Esc to quit)
Okay, then.
Read which item? (? for menu, Esc to quit)
As you read the scroll labeled ILIUKI QOIGAIG, it crumbles to dust.
The creatures around you are filled with an inner flame!
It was a scroll of immolation.
The jackal bites you but does no damage.
The adder closely misses you.
Read which item? (? for menu, Esc to quit)
As you read the scroll labeled PLA NAWEENN, it crumbles to dust.
Your brain hurts!
It was a scroll of random uselessness.
The jackal barely misses you. The adder bites you but does no damage.
The jackal bites you.
* * * LOW HITPOINT WARNING * * *
Read which item? (? for menu, Esc to quit)
As you read the scroll labeled OCAENE VIRA, it crumbles to dust.
It is a scroll of identify.
You don't have any unidentified items.
The adder closely misses you. The jackal bites you.
You die...

...<..)###.............[<.
.........######...##.<#####
#)######.......##..#
#.)...##)..###>.....
#.............#.....
#†#.................
#.....h..#r.........###....
.h....###Sh........# ....
...r.. #@.........# #..#
..... #..........# ### ..w#
#..........# .#
############


You could see an adder (inner flame), a jackal (inner flame) and a rat (inner
flame).

Vanquished Creatures
  An adder (D:3)
  3 orcs (D:3)
  A bat (D:3)
  A giant cockroach (D:3)
  2 hobgoblins
  A jackal (D:3)
  3 kobolds (D:1)
  2 rats (D:3)
14 creatures vanquished.

Notes
Turn   | Place    | Note
--------------------------------------------------------------
     0 | D:1      | 4tharraofdagon, the Naga Artificer, began the quest for the Orb.
     0 | D:1      | Reached XP level 1. HP: 18/18 MP: 1/1
    35 | D:1      | You fall through a shaft!
   192 | D:3      | Reached XP level 2. HP: 11/25 MP: 3/3
   197 | D:2      | Noticed Jessica
   206 | D:3      | Reached skill level 1 in Polearms
   266 | D:3      | Reached XP level 3. HP: 4/32 MP: 4/4
   418 | D:3      | HP: 1/32 [jackal (2)]
   419 | D:3      | Slain by a jackal

Action                   || total
-------------------------++-------
Melee: Spear             ||    24
       Short sword       ||     6
 Abil: Spit Poison       ||    15
  Use: Scroll            ||     4

Vault maps used:
D:1:      erik_arrival_cave_to_civilisation
D:2:      xom_butterflies, first_bread, uniq_jessica, uniq_robin, uniq_iyjb
D:3:      dk_noncrumbling_4
